TOP OF THE 1ST |
Syracuse Chiefs batting - Pitching for Indianapolis Indians : RHP Jeremy Parsnip
|
Pitching: RHP Jeremy Parsnip
|
|
Batting: RHB Dusty Ballard
|
0-0: Ball 1-0: Called Strike 1-1: Ball 2-1: Ground out 4-3 (Groundball, 4S, EV 88.8 MPH)
|
Batting: LHB Alexis Cantu
|
0-0: Ball 1-0: Called Strike 1-1: Called Strike 1-2: Foul Ball, location: 2F 1-2: Fly out, F7 (Flyball, 78D, EV 82.5 MPH)
|
Batting: LHB Jae-ik Soung
|
0-0: Ball 1-0: Called Strike 1-1: Foul Ball, location: 2F 1-2: Ball 2-2: Foul Ball, location: 2F 2-2: Strikes out swinging
|
Top of the 1st over - 0 runs, 0 hits, 0 errors, 0 left on base; Syracuse 0 - Indianapolis 0 |
BOTTOM OF THE 1ST |
Indianapolis Indians batting - Pitching for Syracuse Chiefs : RHP Jason Cheek
|
Pitching: RHP Jason Cheek
|
|
Batting: RHB Bubba Tierney
|
0-0: Called Strike 0-1: Called Strike 0-2: Strikes out swinging
|
Batting: LHB Edwin Aguilar
|
0-0: Ball 1-0: Foul Ball, location: 2F 1-1: SOLO HOME RUN (Flyball, 89XD, EV 96.9 MPH), Distance : 380 ft
|
Batting: RHB Alain Marquet
|
0-0: Ball 1-0: Ground out 1-3 (Groundball, 13S, EV 65.6 MPH)
|
Batting: RHB Dave Fredericks
|
0-0: Fly out, F7 (Flyball, 7, EV 80.0 MPH)
|
Bottom of the 1st over - 1 run, 1 hit, 0 errors, 0 left on base; Syracuse 0 - Indianapolis 1 |
TOP OF THE 2ND |
Syracuse Chiefs batting - Pitching for Indianapolis Indians : RHP Jeremy Parsnip
|
Batting: LHB Doug Anderson
|
0-0: Ball 1-0: Swinging Strike 1-1: DOUBLE (Line Drive, 9LM, EV 86.9 MPH)
|
Batting: LHB Tim Olsen
|
0-0: Ball 1-0: Called Strike 1-1: Fly out, F4 (Popup, 4MD, EV 66.2 MPH)
|
Batting: RHB Martin Guerrero
|
0-0: Swinging Strike 0-1: Swinging Strike 0-2: Ball 1-2: Ball 2-2: Strikes out looking
|
Batting: LHB Evan Oliveri
|
0-0: Ball 1-0: Called Strike 1-1: Ground out 3-1 (Groundball, 34S, EV 88.8 MPH)
|
Top of the 2nd over - 0 runs, 1 hit, 0 errors, 1 left on base; Syracuse 0 - Indianapolis 1 |
BOTTOM OF THE 2ND |
Indianapolis Indians batting - Pitching for Syracuse Chiefs : RHP Jason Cheek
|
Batting: LHB Phil DeCamp
|
0-0: Ball 1-0: Called Strike 1-1: Swinging Strike 1-2: Foul Ball, location: 2F 1-2: Ball 2-2: Foul Ball, location: 2F 2-2: Strikes out looking
|
Batting: RHB Chris Pozzi
|
0-0: Ball 1-0: Swinging Strike 1-1: Called Strike 1-2: Foul Ball, location: 2F 1-2: Ball 2-2: Fly out, F9 (Flyball, 9D, EV 93.1 MPH)
|
Batting: LHB Carlos Vega
|
0-0: SINGLE (Groundball, 4D, EV 101.2 MPH)
|
Batting: RHB Richard Barrios
|
0-0: Ball 1-0: Ball 2-0: Ball 3-0: Called Strike 3-1: Foul Ball, location: 2F 3-2: Base on Balls Carlos Vega to second
|
Batting: RHB Nick Wicker
|
0-0: Ball 1-0: Called Strike 1-1: Ball 2-1: Foul Ball, location: 2F 2-2: Ball 3-2: Fly out, F7 (Flyball, 7, EV 98.8 MPH)
|
Bottom of the 2nd over - 0 runs, 1 hit, 0 errors, 2 left on base; Syracuse 0 - Indianapolis 1 |
TOP OF THE 3RD |
Syracuse Chiefs batting - Pitching for Indianapolis Indians : RHP Jeremy Parsnip
|
Batting: RHB Pat Barton
|
0-0: Foul Ball, location: 2F 0-1: Foul Ball, location: 2F 0-2: SINGLE (Groundball, 13S, EV 70.0 MPH) (infield hit)
|
Batting: RHB Dave Brabo
|
0-0: Foul Ball, location: 2F 0-1: Fielders Choice at 2nd, 1-4 (Groundball, 15S, EV 70.0 MPH)
|
Batting: RHB Dusty Ballard
|
0-0: Ball 1-0: Foul Ball, location: 2F 1-1: 2-RUN HOME RUN (Flyball, 7D, EV 101.2 MPH), Distance : 391 ft
|
Batting: LHB Alexis Cantu
|
0-0: Foul Ball, location: 2F 0-1: Swinging Strike 0-2: Ball 1-2: Ball 2-2: SINGLE (Groundball, 6D, EV 107.5 MPH)
|
Batting: LHB Jae-ik Soung
|
0-0: Ball 1-0: Ground out 4-3 (Groundball, 34D, EV 101.9 MPH) Alexis Cantu to second
|
Batting: LHB Doug Anderson
|
0-0: Called Strike 0-1: Ground out 6-3 (Groundball, 6, EV 105.6 MPH)
|
Top of the 3rd over - 2 runs, 3 hits, 0 errors, 1 left on base; Syracuse 2 - Indianapolis 1 |
BOTTOM OF THE 3RD |
Indianapolis Indians batting - Pitching for Syracuse Chiefs : RHP Jason Cheek
|
Batting: RHB Bubba Tierney
|
0-0: Ball 1-0: Bunted foul 1-1: Ball 2-1: Swinging Strike 2-2: Strikes out looking
|
Batting: LHB Edwin Aguilar
|
0-0: Bunt missed! 0-1: Foul Ball, location: 2F 0-2: Ball 1-2: Strikes out swinging
|
Batting: RHB Alain Marquet
|
0-0: Ground out 6-3 (Groundball, 6MS, EV 85.0 MPH)
|
Bottom of the 3rd over - 0 runs, 0 hits, 0 errors, 0 left on base; Syracuse 2 - Indianapolis 1 |
TOP OF THE 4TH |
Syracuse Chiefs batting - Pitching for Indianapolis Indians : RHP Jeremy Parsnip
|
Batting: LHB Tim Olsen
|
0-0: Called Strike 0-1: Ball 1-1: Called Strike 1-2: Fly out, F4 (Popup, 34, EV 66.2 MPH)
|
Batting: RHB Martin Guerrero
|
0-0: Called Strike 0-1: Foul Ball, location: 2F 0-2: Ball 1-2: Ball 2-2: Foul Ball, location: 2F 2-2: Foul Ball, location: 2F 2-2: Foul Ball, location: 2F 2-2: SINGLE (Groundball, 4D, EV 98.1 MPH)
|
Batting: LHB Evan Oliveri
|
0-0: Foul Ball, location: 2F 0-1: Ball Wild Pitch! Martin Guerrero to second 1-1: SINGLE (Line Drive, 78S, EV 106.2 MPH) Martin Guerrero to third
|
Batting: RHB Pat Barton
|
0-0: Called Strike Evan Oliveri is caught stealing 2nd base 2-4 0-1: Ball Passed Ball! Martin Guerrero scores 1-1: Ball 2-1: Called Strike 2-2: Foul Ball, location: 2F 2-2: Foul Ball, location: 2F 2-2: Ground out 3-1 (Groundball, 34S, EV 84.4 MPH)
|
Top of the 4th over - 1 run, 2 hits, 0 errors, 0 left on base; Syracuse 3 - Indianapolis 1 |
BOTTOM OF THE 4TH |
Indianapolis Indians batting - Pitching for Syracuse Chiefs : RHP Jason Cheek
|
Batting: RHB Dave Fredericks
|
0-0: Swinging Strike 0-1: Ball 1-1: Ball 2-1: Fly out, F9 (Flyball, 9LM, EV 81.2 MPH)
|
Batting: LHB Phil DeCamp
|
0-0: Called Strike 0-1: Fly out, F9 (Flyball, 89S, EV 79.4 MPH)
|
Batting: RHB Chris Pozzi
|
0-0: Ball 1-0: Foul Ball, location: 2F 1-1: Ball 2-1: SINGLE (Line Drive, 78S, EV 110.0 MPH)
|
Batting: LHB Carlos Vega
|
0-0: Called Strike 0-1: SINGLE (Groundball, 6D, EV 98.1 MPH) Chris Pozzi to second Runner from 2nd tries for 3rd, SAFE, throw by LF made at trailing runner, OUT! 7-4
|
Bottom of the 4th over - 0 runs, 2 hits, 0 errors, 1 left on base; Syracuse 3 - Indianapolis 1 |
TOP OF THE 5TH |
Syracuse Chiefs batting - Pitching for Indianapolis Indians : RHP Jeremy Parsnip
|
Batting: RHB Dave Brabo
|
0-0: Foul Ball, location: 2F 0-1: Called Strike 0-2: Fly out, F9 (Flyball, 89S, EV 89.4 MPH)
|
Batting: RHB Dusty Ballard
|
0-0: Ball 1-0: Ball 2-0: Called Strike 2-1: Called Strike 2-2: Ball 3-2: Foul Ball, location: 2F 3-2: SINGLE (Groundball, 34D, EV 108.1 MPH)
|
Batting: LHB Alexis Cantu
|
0-0: Fly out, F6 (Popup, 6, EV 56.2 MPH)
|
Batting: LHB Jae-ik Soung
|
0-0: Called Strike 0-1: Swinging Strike 0-2: Ball Dusty Ballard steals 2nd base 1-2: SINGLE (Line Drive, 9S, EV 102.5 MPH) Dusty Ballard to third
|
Batting: LHB Doug Anderson
|
0-0: Called Strike 0-1: Ball 1-1: Fielders Choice at 2nd, U6 (Groundball, 6M, EV 101.2 MPH)
|
Top of the 5th over - 0 runs, 2 hits, 0 errors, 2 left on base; Syracuse 3 - Indianapolis 1 |
BOTTOM OF THE 5TH |
Indianapolis Indians batting - Pitching for Syracuse Chiefs : RHP Jason Cheek
|
Batting: RHB Richard Barrios
|
0-0: Called Strike 0-1: Foul Ball, location: 2F 0-2: Ball 1-2: Strikes out looking
|
Batting: RHB Nick Wicker
|
0-0: Ground out 4-3 (Groundball, 34, EV 105.6 MPH)
|
Batting: RHB Bubba Tierney
|
0-0: Called Strike 0-1: Foul Ball, location: 2F 0-2: Strikes out swinging
|
Bottom of the 5th over - 0 runs, 0 hits, 0 errors, 0 left on base; Syracuse 3 - Indianapolis 1 |
TOP OF THE 6TH |
Syracuse Chiefs batting - Pitching for Indianapolis Indians : RHP Jeremy Parsnip
|
Batting: LHB Tim Olsen
|
0-0: Ball 1-0: DOUBLE (Flyball, 8LXD, EV 108.1 MPH)
|
Batting: RHB Martin Guerrero
|
0-0: Ball 1-0: Ball 2-0: Foul Ball, location: 2F 2-1: Swinging Strike 2-2: Ball 3-2: DOUBLE (Flyball, 78XD, EV 98.1 MPH) Tim Olsen scores
|
Batting: LHB Evan Oliveri
|
0-0: Foul Ball, location: 2F 0-1: Ball 1-1: Called Strike 1-2: SINGLE (Groundball, 6MD, EV 100.0 MPH) Martin Guerrero to third
|
Batting: RHB Pat Barton
|
0-0: Called Strike 0-1: Ball 1-1: Called Strike 1-2: Fielders Choice at 2nd, 5-4 (Groundball, 56S, EV 81.9 MPH) Martin Guerrero scores
|
Pitching: RHP Andrew Yoder
|
|
Batting: RHB Dave Brabo
|
0-0: Ball 1-0: Swinging Strike 1-1: 2-RUN HOME RUN (Flyball, 9D, EV 96.9 MPH), Distance : 376 ft
|
Batting: RHB Dusty Ballard
|
0-0: Ball 1-0: Foul Ball, location: 2F 1-1: Ball 2-1: Ball 3-1: Base on Balls
|
Batting: LHB Alexis Cantu
|
0-0: Ball 1-0: Called Strike 1-1: Swinging Strike 1-2: Ball Dusty Ballard steals 2nd, throwing error, E2 Dusty Ballard to third 2-2: Strikes out looking
|
Batting: LHB Jae-ik Soung
|
0-0: Swinging Strike 0-1: Swinging Strike 0-2: Reached on error, E3 (Groundball, 3, EV 90.0 MPH) Dusty Ballard scores
|
Batting: LHB Doug Anderson
|
0-0: Ball 1-0: Foul Ball, location: 2F 1-1: Swinging Strike 1-2: Strikes out swinging
|
Top of the 6th over - 5 runs, 4 hits, 2 errors, 1 left on base; Syracuse 8 - Indianapolis 1 |
BOTTOM OF THE 6TH |
Indianapolis Indians batting - Pitching for Syracuse Chiefs : RHP Jason Cheek
|
Batting: LHB Edwin Aguilar
|
0-0: Ground out 5-3 (Groundball, 15, EV 85.6 MPH)
|
Batting: RHB Alain Marquet
|
0-0: Foul Ball, location: 2F 0-1: Called Strike 0-2: Foul Ball, location: 2F 0-2: Foul Ball, location: 2F 0-2: Foul Ball, location: 2F 0-2: Ball 1-2: Ball 2-2: Foul Ball, location: 2F 2-2: Ball 3-2: Fly out, F9 (Flyball, 9, EV 91.9 MPH)
|
Batting: RHB Dave Fredericks
|
0-0: Called Strike 0-1: Ball 1-1: SOLO HOME RUN (Flyball, 9D, EV 95.0 MPH), Distance : 351 ft
|
Batting: LHB Phil DeCamp
|
0-0: Called Strike 0-1: Ground out 6-3 (Groundball, 4M, EV 87.5 MPH)
|
Bottom of the 6th over - 1 run, 1 hit, 0 errors, 0 left on base; Syracuse 8 - Indianapolis 2 |
TOP OF THE 7TH |
Syracuse Chiefs batting - Pitching for Indianapolis Indians : RHP Andrew Yoder
|
Batting: LHB Tim Olsen
|
0-0: Ground out 6-3 (Groundball, 6, EV 102.5 MPH)
|
Batting: RHB Martin Guerrero
|
0-0: Ball 1-0: Ball 2-0: Ground out 5-3 (Groundball, 56S, EV 87.5 MPH)
|
Batting: LHB Evan Oliveri
|
0-0: Foul Ball, location: 2F 0-1: Ball 1-1: SINGLE (Groundball, 4MD, EV 103.1 MPH)
|
Batting: RHB Pat Barton
|
0-0: Called Strike 0-1: Swinging Strike 0-2: Foul Ball, location: 2F 0-2: Ball 1-2: Strikes out swinging
|
Top of the 7th over - 0 runs, 1 hit, 0 errors, 1 left on base; Syracuse 8 - Indianapolis 2 |
BOTTOM OF THE 7TH |
Indianapolis Indians batting - Pitching for Syracuse Chiefs : RHP Jason Cheek
|
Batting: RHB Chris Pozzi
|
0-0: Called Strike 0-1: Foul Ball, location: 2F 0-2: Ball 1-2: SINGLE (Groundball, 6S, EV 68.8 MPH) (infield hit)
|
Batting: LHB Carlos Vega
|
Pickoff Throw to First - Out! 1-3 0-0: Ball 1-0: Called Strike 1-1: Swinging Strike 1-2: Strikes out looking
|
Batting: RHB Richard Barrios
|
0-0: Ground out 5-3 (Groundball, 56, EV 90.0 MPH)
|
Bottom of the 7th over - 0 runs, 1 hit, 0 errors, 0 left on base; Syracuse 8 - Indianapolis 2 |
TOP OF THE 8TH |
Syracuse Chiefs batting - Pitching for Indianapolis Indians : RHP Andrew Yoder
|
Batting: RHB Dave Brabo
|
0-0: Called Strike 0-1: Ground out 4-3 (Groundball, 4, EV 96.9 MPH)
|
Batting: RHB Dusty Ballard
|
0-0: Ball 1-0: Swinging Strike 1-1: Swinging Strike 1-2: Ball 2-2: Strikes out looking
|
Batting: LHB Alexis Cantu
|
0-0: Ball 1-0: Ball 2-0: Foul Ball, location: 2F 2-1: Ball 3-1: Base on Balls
|
Pitching: LHP Nick Yarbrough
|
|
Batting: LHB Jae-ik Soung
|
0-0: Called Strike 0-1: Called Strike 0-2: Ball 1-2: Foul Ball, location: 2F 1-2: Foul Ball, location: 2F 1-2: Foul Ball, location: 2F 1-2: Ball 2-2: Fly out, F9 (Flyball, 9, EV 90.6 MPH)
|
Top of the 8th over - 0 runs, 0 hits, 0 errors, 1 left on base; Syracuse 8 - Indianapolis 2 |
BOTTOM OF THE 8TH |
Indianapolis Indians batting - Pitching for Syracuse Chiefs : RHP Jason Cheek
|
Batting: RHB Nick Wicker
|
0-0: Ball 1-0: Fly out, F8 (Flyball, 8RD, EV 105.0 MPH)
|
Batting: RHB Bubba Tierney
|
0-0: Ball 1-0: Ground out 4-3 (Groundball, 4, EV 78.1 MPH)
|
Batting: LHB Edwin Aguilar
|
0-0: Ball 1-0: Called Strike 1-1: Ball 2-1: Swinging Strike 2-2: Foul Ball, location: 2F 2-2: Strikes out swinging
|
Bottom of the 8th over - 0 runs, 0 hits, 0 errors, 0 left on base; Syracuse 8 - Indianapolis 2 |
TOP OF THE 9TH |
Syracuse Chiefs batting - Pitching for Indianapolis Indians : LHP Nick Yarbrough
|
Batting: LHB Doug Anderson
|
0-0: Called Strike 0-1: Ball 1-1: Called Strike 1-2: Foul Ball, location: 2F 1-2: Ball 2-2: Ball 3-2: Base on Balls
|
Batting: LHB Tim Olsen
|
0-0: Ball 1-0: Called Strike 1-1: Called Strike 1-2: Ball 2-2: Strikes out swinging
|
Batting: RHB Martin Guerrero
|
0-0: Ball 1-0: Ball 2-0: Ball Doug Anderson is caught stealing 2nd base 2-4 3-0: Called Strike 3-1: Fly out, F7 (Line Drive, 7LM, EV 92.5 MPH)
|
Top of the 9th over - 0 runs, 0 hits, 0 errors, 0 left on base; Syracuse 8 - Indianapolis 2 |
BOTTOM OF THE 9TH |
Indianapolis Indians batting - Pitching for Syracuse Chiefs : RHP Jason Cheek
|
Batting: RHB Alain Marquet
|
0-0: Called Strike 0-1: Ground out 6-3 (Groundball, 6, EV 85.6 MPH)
|
Batting: RHB Dave Fredericks
|
0-0: SINGLE (Flyball, 4D, EV 89.4 MPH)
|
Batting: LHB Phil DeCamp
|
0-0: Ball 1-0: DOUBLE (Line Drive, 7LM, EV 108.8 MPH) Dave Fredericks to third
|
Batting: RHB Chris Pozzi
|
0-0: Foul Ball, location: 2F 0-1: Foul Ball, location: 2F 0-2: Fly out, F9 (Line Drive, 89D, EV 95.6 MPH) Runner from 3rd tags up, SCORES, no throw by RF
|
Pitching: RHP Ivano Galikov
|
|
Batting: LHB Carlos Vega
|
0-0: Ball 1-0: Ball 2-0: Foul Ball, location: 2F 2-1: Ball 3-1: Called Strike 3-2: Foul Ball, location: 2F 3-2: Strikes out swinging
|
Bottom of the 9th over - 1 run, 2 hits, 0 errors, 1 left on base; Syracuse 8 - Indianapolis 3 |
|